cohdb
Replays
Latest Replays
All Replays
Popular Replays
Top Player Replays
Match Explorer
How It Works
Community
CoH3 Stats
Reddit
Sign in to upload your games and track your stats! →
Sign in with Steam
Match 38338642
Unlisted
Match 38338642
Overview
Messages
Build Orders
End
Royal Engineer Section
Vickers Machine Gun Team
Construct Section Command Post
Selects Air and Sea Battlegroup
ML 3-inch Mortar Team
Infantry Section
Construct Field Infirmary
Infantry Section
Construct Platoon Command Post
Infantry Training
VladoS
Griswold189
jfpp
ba hoodie
qZeto
Epicdeath
BIOHAZARD
Gorgolo
0
0
Comments
sign in to comment!
No comments posted yet!